 Dungeon Crawl Stone Soup version 0.25-a0-517-gf8b3a32422 (webtiles) character file.

Game seed: 8619085268249010381, levelgen mode: deterministic

41442 vurker the Stormcaller (level 14, -2/86 HPs)
             Began as a Tengu Air Elementalist on Feb 18, 2020.
             Was a High Priest of Vehumet.
             Slain by a catoblepas (26 damage)
             ... on level 6 of the Lair of Beasts.
             The game lasted 00:41:59 (23825 turns).

vurker the Stormcaller (Tengu Air Elementalist)    Turns: 23825, Time: 00:42:00

Health: -2/86      AC: 11    Str:  9    XL:     14   Next: 15%
Magic:  1/31       EV: 23    Int: 20    God:    Vehumet [*****.]
Gold:   442        SH:  5    Dex: 15    Spells: 27/37 levels left

rFire    . . .     SeeInvis .   P - +0 short sword (venom)
rCold    + . .     Gourm    .   D - +0 buckler {AC+3}
rNeg     . . .     Faith    .   K - +2 robe {rC+}
rPois    +         Spirit   .   A - +2 hat
rElec    .         Reflect  .   J - +0 cloak
rCorr    .         Harm     .   B - +0 pair of gloves
MR       +....                  (boots unavailable)
Stlth    ++........             o - amulet of magic regeneration
HPRegen  0.24/turn              z - +4 ring of evasion
MPRegen  0.47/turn              j - ring of poison resistance

@: flying quickly and evasively, quick
A: beak, talons 3, able to fly
a: Stop Flying, Renounce Religion


You were on level 6 of the Lair of Beasts.
You worshipped Vehumet.
Vehumet was extremely pleased with you.
You were not hungry.

You visited 2 branches of the dungeon, and saw 17 of its levels.
You also visited: Ossuary and Ice Cave.

You collected 1226 gold pieces.
You spent 784 gold pieces at shops.

Inventory:

Hand Weapons
 y - a +0 short sword of electrocution
   (You took it off a kobold on level 4 of the Dungeon)
 P - a +0 short sword of venom (weapon)
   (You took it off a big kobold on level 4 of the Dungeon)
Armour
 A - a +2 hat (worn)
   (You found it on level 5 of the Dungeon)
 B - a +0 pair of gloves (worn)
   (You found it on level 6 of the Dungeon)
 D - a +0 buckler of protection (worn)
   (You bought it in a shop on level 10 of the Dungeon)
 J - a +0 cloak (worn)
   (You found it on level 10 of the Dungeon)
 K - a +2 robe of cold resistance (worn)
   (You took it off a wight on level 10 of the Dungeon)
Jewellery
 f - an uncursed ring of protection from cold
   (You found it on level 3 of the Dungeon)
 j - a ring of poison resistance (right hand)
   (You found it on level 1 of the Dungeon)
 o - an amulet of magic regeneration (around neck)
   (You found it on level 2 of the Dungeon)
 z - a +4 ring of evasion (left hand)
   (You found it on level 4 of the Dungeon)
 L - an uncursed ring of resist corrosion
   (You found it on level 1 of the Lair of Beasts)
 Q - an uncursed ring of protection from cold
   (You found it on level 6 of the Lair of Beasts)
Wands
 d - a wand of iceblast (9)
   (You found it on level 9 of the Dungeon)
 t - a wand of flame (17)
   (You found it on level 8 of the Dungeon)
 u - a wand of paralysis (21)
   (You found it on level 3 of the Dungeon)
 v - a wand of digging (12)
   (You found it on level 11 of the Dungeon)
 x - a wand of acid (9)
   (You found it on level 2 of the Lair of Beasts)
 M - a wand of enslavement (8)
   (You found it on level 2 of the Lair of Beasts)
Scrolls
 a - 2 scrolls of magic mapping
 h - 6 scrolls of amnesia
 l - 3 scrolls of enchant weapon
 n - 4 scrolls of fear
 q - 7 scrolls of teleportation
 w - a scroll of silence
 E - 5 scrolls of fog
 F - 7 scrolls of remove curse
 G - 2 scrolls of identify
 H - 3 scrolls of enchant armour
 I - a scroll of noise
Potions
 b - 11 potions of curing
 c - 3 potions of invisibility
 g - 4 potions of haste
 i - 3 potions of resistance
 k - 3 potions of brilliance
 m - 7 potions of lignification
 r - 4 potions of ambrosia
 s - 7 potions of heal wounds
 C - a potion of mutation
 N - a potion of magic
 S - a potion of cancellation {unknown}
Miscellaneous
 O - a phantom mirror
Comestibles
 e - 28 rations


   Skills:
 + Level 9.3 Fighting
 + Level 6.0 Dodging
 - Level 2.0 Stealth
 - Level 4.0 Shields
 * Level 12.2 Spellcasting
 + Level 12.0 Conjurations
 * Level 16.5 Air Magic
 - Level 5.0 Evocations


You had 27 spell levels left.
You knew the following spells:

 Your Spells              Type           Power        Failure   Level  Hunger
a - Shock                 Conj/Air       ####         0%          1    None
b - Lightning Bolt        Conj/Air       ######....   1%          5    ####...
c - Airstrike             Air            ######....   1%          4    #......

Your spell library contained the following spells:

 Spells                   Type           Power        Failure   Level  Hunger
 Iskenderun's Battlesphe  Conj/Chrm      #####...     3%          5    ####...
 Poisonous Vapours        Pois/Air       #####.       1%          2    None
 Swiftness                Chrm/Air       #####...     1%          2    None
 Mephitic Cloud           Conj/Pois/Air  ######..     1%          3    None
 Static Discharge         Conj/Air       ######..     1%          3    None
 Ignite Poison            Fire/Tmut/Pois ##......     4%          3    None
 Sting                    Tmut/Pois      ##..         5%          1    None
 Olgreb's Toxic Radiance  Pois           ##......     16%         4    #......


Dungeon Overview and Level Annotations

Branches:
Dungeon (11/15)            Temple (0/1) D:7            Lair (6/6) D:11
  Swamp (0/4) Lair:3        Snake (0/4) Lair:3        Slime (0/5) Lair:6
Ossuary (visited)           IceCv (visited)
    Orc: D:9-12

Altars:
Gozag
Hepliaklqana
Kikubaaqudgha
Nemelex Xobeh
Qazlal
Ru
Trog
Uskayaw
Vehumet
Yredelemnul

Shops:
D:7 ?   D:9 ?   D:10 [

Annotations:
D:2 Sigmund
D:5 2 runed translucent doors, Error4North's ghost, novice HOFi


Innate Abilities, Weirdness & Mutations

You have a beak for a mouth.
You have claws for feet.
You can fly continuously.


Message History

The air twists around and strikes the polar bear!
Aim: a polar bear (heavily wounded)
The air twists around and strikes the polar bear!
Aim: a polar bear (almost dead)
The air twists around and strikes the polar bear!
You kill the polar bear!
Vehumet accepts your kill.
You feel your power returning.
Training target 5.0 for Evocations reached!
Your Evocations skill increases to level 5!
The catoblepas is too close now for your liking.
A catoblepas is nearby!
Aim: a catoblepas (hasn't noticed you)
The air twists around and strikes the catoblepas!
The catoblepas bellows!
Aim: a catoblepas (lightly wounded)
The air twists around and strikes the catoblepas.
Aim: a catoblepas (lightly wounded)
The air twists around and strikes the catoblepas.
The catoblepas gores you.
Aim: a catoblepas (moderately wounded)
The air twists around and strikes the catoblepas.
The catoblepas gores you!!
Aim: a catoblepas (moderately wounded)
The air twists around and strikes the catoblepas!
The catoblepas breathes a plume of calcifying dust at you.
The blast of calcifying dust hits you but does no damage.
The catoblepas completely misses you.
Aim: a catoblepas (moderately wounded)
The air twists around and strikes the catoblepas.
The catoblepas breathes a plume of calcifying dust at you.
The blast of calcifying dust hits you.
Aim: a catoblepas (heavily wounded)
The air twists around and strikes the catoblepas!
The catoblepas barely misses you.
Aim: a catoblepas (calcifying dust, heavily wounded)
The air twists around and strikes the catoblepas.
The catoblepas barely misses you.
You don't have enough magic to cast that spell.
You hit the catoblepas but do no damage.
The catoblepas is poisoned.
Your kick misses the catoblepas. The catoblepas gores you!!
* * * LOW HITPOINT WARNING * * *
Aim: a catoblepas (calcifying dust, heavily wounded, very poisoned)
The air twists around and strikes the catoblepas!
The catoblepas closely misses you.
You don't have enough magic to cast that spell.
You hit the catoblepas but do no damage.
The catoblepas looks even sicker.
The catoblepas gores you!!
You die...

### #.###
##...########
#...........###
♣.P..##Y@.P..##
#..Y÷.##.P...P##
##.#÷...###....P#
##..#..Y...###...##
##.Y##.Y...÷.
#P...## #...#
...#..8 ##.÷..##
#.P.# YY.# ..
#.....# #P.P# ..#.
. #P....# #..Y#
..### #....P#


You could see a catoblepas.

Vanquished Creatures
  Harold (D:11)
  3 hydras
  A catoblepas (Lair:6)
  Erica (D:11)
  2 two-headed ogres (D:11)
  2 death yaks (Lair:6)
  Urug (D:11)
  Sonja (D:10)
  3 oklob plants (Lair:6)
  4 elephants (Lair:6)
  A centaur zombie (D:11)
  6 black mambas
  Joseph (D:7)
  Maggie (D:8)
  10 spiny frogs
  9 komodo dragons
  A rime drake (Lair:2)
  A centaur skeleton (D:11)
  2 ice devils (D:11)
  3 trolls
  3 polar bears (Lair:6)
  A hornet (D:9)
  15 blink frogs
  6 hippogriffs
  A spriggan (D:11)
  A wraith (D:10)
  2 steam dragons
  3 wyverns
  31 yaks
  A hungry ghost (D:3)
  A basilisk (Lair:1)
  Menkaure (D:4)
  An acid dragon (D:11)
  11 water moccasins
  7 orc warriors
  7 porcupines
  Duvessa (D:4)
  A black bear (D:9)
  A phantom (D:9)
  A necrophage (D:8)
  8 ice beasts
  A sky beast (D:9)
  9 ogres
  3 centaurs
  13 wolves
  11 crocodiles
  3 big kobolds
  14 bullfrogs
  2 wyvern skeletons
  Dowan (D:4)
  3 scorpions
  6 killer bees (D:8)
  14 wights
  7 howler monkeys
  A bullfrog zombie (D:11)
  4 crimson imps
  A quasit (D:9)
  5 hounds
  A bullfrog skeleton (D:11)
  13 orc wizards
  6 orc priests
  5 iguanas
  8 worker ants
  A hound skeleton (D:4)
  8 mummies (Ossuary)
  A worker ant zombie (D:7)
  Robin (D:2)
  4 gnolls (D:4)
  A howler monkey skeleton (D:11)
  12 adders
  A shadow imp (D:11)
  2 adder skeletons
  A worm (D:2)
  A dart slug (D:3)
  6 leopard geckos
  47 orcs
  4 giant cockroaches
  5 gnoll zombies (Ossuary)
  16 goblins
  18 hobgoblins
  13 jackals
  8 quokkas
  10 bats
  6 frilled lizards
  A goblin zombie (D:4)
  2 hobgoblin zombies (Ossuary)
  36 kobolds
  A kobold zombie (Ossuary)
  2 quokka skeletons
  A quokka zombie (D:6)
  11 rats
  A rat zombie (D:4)
510 creatures vanquished.

Vanquished Creatures (others)
  A kobold (D:4)
  18 fungi
  22 plants
41 creatures vanquished.

Grand Total: 551 creatures vanquished

Notes
Turn   | Place    | Note
-------+----------+-------------------------------------------
     0 | D:1      | vurker the Tengu Air Elementalist began the quest for the
                  | Orb.
     0 | D:1      | Reached XP level 1. HP: 10/10 MP: 4/4
   396 | D:1      | Reached XP level 2. HP: 15/15 MP: 3/6
   834 | D:1      | Reached XP level 3. HP: 20/20 MP: 5/7
  1479 | D:2      | Noticed Sigmund
  1581 | D:2      | Reached skill level 1 in Fighting
  1845 | D:2      | Reached XP level 4. HP: 25/25 MP: 4/9
  2064 | D:2      | Found a sparkling altar of Nemelex Xobeh.
  2087 | D:2      | Reached skill level 5 in Air Magic
  2154 | D:2      | Found an opulent altar of Gozag.
  2163 | D:2      | Found a bloodstained altar of Trog.
  2167 | D:2      | Found a stormy altar of Qazlal.
  2168 | D:2      | Found a hazy altar of Hepliaklqana.
  2282 | D:2      | Noticed Robin
  2288 | D:2      | Killed Robin
  2564 | D:2      | Gained mutation: You can fly continuously. [Tengu growth]
  2564 | D:2      | Reached XP level 5. HP: 29/29 MP: 8/10
  2710 | D:2      | Learned a level 5 spell: Lightning Bolt
  2715 | D:2      | Learned a level 4 spell: Airstrike
  2954 | D:3      | Noticed a hungry ghost
  2993 | D:3      | Killed a hungry ghost
  2993 | D:3      | Reached skill level 6 in Air Magic
  2993 | D:3      | Reached XP level 6. HP: 18/35 MP: 1/12
  3441 | D:3      | Found an ancient bone altar of Kikubaaqudgha.
  3809 | D:4      | Noticed Duvessa
  3809 | D:4      | Noticed Dowan
  3809 | D:4      | Noticed Menkaure
  3936 | D:4      | Found a sand-covered staircase.
  3945 | Ossuary  | Entered an ossuary
  4026 | Ossuary  | Reached XP level 7. HP: 26/40 MP: 5/14
  4495 | D:4      | Killed Dowan
  4535 | D:4      | Killed Duvessa
  4535 | D:4      | Reached skill level 7 in Air Magic
  4685 | D:4      | Killed Menkaure
  5047 | D:4      | Reached skill level 5 in Spellcasting
  5047 | D:4      | Reached XP level 8. HP: 46/46 MP: 7/16
  5122 | D:4      | Reached skill level 5 in Conjurations
  5308 | D:4      | Reached skill level 8 in Air Magic
  5541 | D:4      | Found a hide-covered altar of Uskayaw.
  5756 | D:4      | Found a sacrificial altar of Ru.
  6232 | D:5      | Entered Level 5 of the Dungeon
  6381 | D:5      | Found a radiant altar of Vehumet.
  6395 | D:5      | Became a worshipper of Vehumet
  6636 | D:5      | Reached skill level 9 in Air Magic
  6690 | D:5      | Found a large runed translucent door.
  6690 | D:5      | Found a large runed translucent door.
  6692 | D:5      | Noticed Error4North's ghost (novice HOFi)
  6727 | D:5      | Reached XP level 9. HP: 16/52 MP: 3/19
  7350 | D:6      | Reached * piety under Vehumet
  7350 | D:6      | Offered knowledge of Magic Dart by Vehumet.
  7701 | D:6      | Noticed a troll
  7706 | D:6      | Killed a troll
  7706 | D:6      | Reached skill level 10 in Air Magic
  7987 | D:7      | Found Hoky's Magic Scroll Emporium.
  7990 | D:7      | Bought a scroll of magic mapping for 45 gold pieces
  7990 | D:7      | Bought a scroll of fear for 45 gold pieces
  7990 | D:7      | Bought a scroll of identify for 26 gold pieces
  7990 | D:7      | Bought a scroll of teleportation for 39 gold pieces
  7990 | D:7      | Bought a scroll of fog for 26 gold pieces
  7990 | D:7      | Bought a scroll of fog for 26 gold pieces
  7990 | D:7      | Bought 3 scrolls of identify for 78 gold pieces
  7990 | D:7      | Bought a scroll of blinking for 97 gold pieces
  7990 | D:7      | Bought a scroll of remove curse for 39 gold pieces
  7990 | D:7      | Bought a scroll of teleportation for 39 gold pieces
  8356 | D:7      | Noticed Joseph
  8387 | D:7      | Killed Joseph
  8387 | D:7      | Reached skill level 5 in Fighting
  8593 | D:7      | Got an iridescent war axe
  8594 | D:7      | Identified the +9 war axe of Internal Strife {flame, *Rage
                  | +Blink rN+ Int+3} (You found it on level 7 of the Dungeon)
  8645 | D:7      | Offered knowledge of Sandblast by Vehumet.
  8798 | D:7      | Found a staircase to the Ecumenical Temple.
  8974 | D:8      | Noticed Maggie
  8990 | D:8      | Killed Maggie
  8990 | D:8      | Reached skill level 11 in Air Magic
  8990 | D:8      | Reached XP level 10. HP: 55/59 MP: 11/22
  9120 | D:8      | Reached ** piety under Vehumet
  9803 | D:9      | Offered knowledge of Stone Arrow by Vehumet.
  9965 | D:9      | Found Anoeph's Magic Scroll Emporium.
 10032 | D:9      | Bought a scroll of teleportation for 42 gold pieces
 10032 | D:9      | Bought a scroll of identify for 28 gold pieces
 10032 | D:9      | Bought a scroll of identify for 28 gold pieces
 10032 | D:9      | Bought a scroll of identify for 28 gold pieces
 10032 | D:9      | Bought a scroll of amnesia for 49 gold pieces
 10092 | D:9      | Reached *** piety under Vehumet
 10198 | D:9      | Reached skill level 12 in Air Magic
 10906 | D:10     | Entered Level 10 of the Dungeon
 10990 | D:10     | Offered knowledge of Sticky Flame by Vehumet.
 11331 | D:10     | Noticed Sonja
 11334 | D:10     | Killed Sonja
 11334 | D:10     | Reached XP level 11. HP: 66/66 MP: 14/25
 11357 | D:10     | Found Onit's Armour Shoppe.
 11445 | D:10     | Found a basalt altar of Yredelemnul.
 12024 | D:11     | Reached **** piety under Vehumet
 12024 | D:11     | Reached skill level 13 in Air Magic
 12311 | D:11     | Offered knowledge of Ignite Poison by Vehumet.
 12323 | D:11     | Found a frozen archway.
 12364 | IceCv    | Entered an ice cave
 12364 | IceCv    | Noticed a white ugly thing
 12463 | D:11     | Noticed Harold
 12488 | D:11     | Killed Harold
 12791 | D:11     | Found a staircase to the Lair.
 12819 | D:11     | Noticed Urug
 12827 | D:11     | Killed Urug
 12956 | D:11     | Reached skill level 10 in Spellcasting
 12999 | D:11     | Noticed a two-headed ogre
 13005 | D:11     | Killed a two-headed ogre
 13196 | D:11     | Reached skill level 10 in Conjurations
 13366 | D:11     | Reached skill level 14 in Air Magic
 13565 | D:11     | Noticed a two-headed ogre
 13570 | D:11     | Killed a two-headed ogre
 13570 | D:11     | Reached XP level 12. HP: 73/73 MP: 1/27
 13865 | D:11     | Noticed Erica
 13885 | D:11     | Killed Erica
 14245 | D:11     | Reached skill level 1 in Evocations
 14300 | D:10     | Bought a +0 buckler of protection for 149 gold pieces
 14349 | Lair:1   | Entered Level 1 of the Lair of Beasts
 14478 | Lair:1   | Reached ***** piety under Vehumet
 14832 | Lair:1   | Reached skill level 1 in Shields
 15114 | Lair:1   | Offered knowledge of Iskenderun's Battlesphere by Vehumet.
 15958 | Lair:2   | You are sucked into a shaft and drop 2 floors!
 15961 | Lair:4   | Reached skill level 15 in Air Magic
 16052 | Lair:2   | Noticed a six-headed hydra
 16995 | Lair:2   | Killed a six-headed hydra
 16995 | Lair:2   | Reached XP level 13. HP: 79/79 MP: 14/29
 17742 | Lair:3   | Found a staircase to the Snake Pit.
 17804 | Lair:3   | Found a staircase to the Swamp.
 19913 | Lair:5   | You are sucked into a shaft and drop 1 floor!
 19913 | Lair:6   | Entered Level 6 of the Lair of Beasts
 20744 | Lair:6   | Reached skill level 5 in Dodging
 21517 | Lair:6   | Reached skill level 16 in Air Magic
 21589 | Lair:6   | Got a faintly humming ring mail
 21590 | Lair:6   | Identified the cursed +0 ring mail of Resourcefulness
                  | {rPois} (You found it on level 6 of the Lair of Beasts)
 22383 | Lair:6   | Found a staircase to the Slime Pits.
 22557 | Lair:6   | Reached XP level 14. HP: 68/86 MP: 17/31
 23770 | Lair:6   | Reached skill level 5 in Evocations
 23825 | Lair:6   | Slain by a catoblepas

Levels and vault maps discovered:
D:1:      roderic_dead_forest, layout_basic
D:2:      layout_loops_ring, nemelex_xobeh_ov_fountains_minmay, minitemple,
          minmay_nonomino_d4, uniq_sigmund, uniq_robin
D:3:      layout_loops_cross, lemuel_coloured_pillars_altar
D:4:      kennysheep_kobold_camp, layout_loops_ring, kennysheep_mini,
          old_standard_altar, enter_ossuary_4, uniq_duvessa, uniq_menkaure
D:5:      layout_basic, fiery_altar_vehumet, first_ration,
          ebering_ghost_disaster_area
D:6:      layout_loops_ring
D:7:      layout_loops_ring, temple_doors_ab, serial_shops,
          nicolae_shop_behind_doors, uniq_joseph
D:8:      layout_cave_pools, uniq_maggie
D:9:      layout_basic, serial_shops, shop
D:10:     minmay_skewed_foursquare, layout_small_grid, serial_shops, shop,
          basic_altar, uniq_sonja
D:11:     wad_crossroads, layout_loops_ring, grunt_lair_entry_orc_guard_hut,
          portal_ice_cave_demonic_guard, the_bakery, uniq_erica, uniq_harold,
          uniq_urug
Lair:1:   layout_regular_city, infiniplex_staircase_pool, lemuel_fruit_tree,
          grunt_megastairs_1
Lair:2:   layout_layer_cave, enter_volcano_1, st_stairs_3
Lair:3:   layout_chaotic_city, swamp_mist, dummy_snake_entry,
          serial_bayou_pond_d, hangedman_lair_unloving_vines
Lair:4:   layout_long_grid, small_statue_intersection, grunt_megastairs_5
Lair:5:   layout_cave_shapes
Lair:6:   grunt_lair_end_beastmaster, layout_big_grid,
          minmay_slime_entry_oklob_open, serial_bayou_pond_d,
          infiniplex_staircase_pool_2

Skill      XL: |  1  2  3  4  5  6  7  8  9 10 11 12 13 14 |
---------------+-------------------------------------------+-----
Conjurations   | 2 3 4 6 7 8 10 11 12 | 12.0
Fighting       | 1 2 3 4 5 6 7 8 9 |  9.3
Air Magic      | 5 6 7 9 11 12 14 15 16 | 16.5
Spellcasting   | 3 4 5 6 7 9 10 11 12 | 12.2
Evocations     | 3 4 5 |  5.0
Shields        | 2 4 |  4.0
Dodging        | 4 5 6 |  6.0
Stealth        | |  2.0

Action                   |  1- 3 |  4- 6 |  7- 9 | 10-12 | 13-15 || total
-------------------------+-------+-------+-------+-------+-------++-------
Melee: Dagger            |    31 |     9 |     2 |       |       ||    42
       Kick              |     7 |       |     5 |    24 |    37 ||    73
       Unarmed           |     2 |       |       |       |       ||     2
       Peck              |       |       |     5 |    12 |    26 ||    43
       Short sword       |       |       |    27 |    67 |   108 ||   202
 Cast: Shock             |    69 |   155 |   203 |    93 |       ||   520
       Airstrike         |       |     4 |    67 |   342 |   289 ||   702
       Lightning Bolt    |       |       |       |     5 |       ||     5
 Abil: Fly               |       |     1 |       |       |       ||     1
Evoke: Wand              |       |       |    11 |    15 |     1 ||    27
  Use: Scroll            |       |     6 |     8 |     6 |     5 ||    25
 Stab: Paralysed         |       |       |     7 |       |       ||     7
  Eat: Chunk             |     4 |    11 |    12 |    34 |    15 ||    76
       Ration            |       |       |     4 |     3 |     3 ||    10
Armor: Robe              |    11 |     4 |     6 |    35 |    37 ||    93
       Troll leather arm |       |       |     5 |     2 |       ||     7
Dodge: Dodged            |    24 |    32 |    71 |   180 |   152 ||   459
Block: Buckler           |       |       |       |    21 |    38 ||    59

Table legend:
 A = Non-vault XP
 B = Vault XP
 C = Vault XP percentage of total XP
 D = Non-vault monster count
 E = Vault monster count
 F = Vault count percentage of total count
                 A         B        C        D         E       F
            +---------+---------+-------+---------+---------+-------
      Total |   42954 |   16250 |  27.4 |     405 |     105 |  20.6
            +---------+---------+-------+---------+---------+-------
        D:1 |      45 |       0 |   0.0 |      29 |       0 |   0.0
        D:2 |      61 |      59 |  49.2 |      21 |      19 |  47.5
        D:3 |     389 |       0 |   0.0 |      33 |       0 |   0.0
        D:4 |     482 |     518 |  51.8 |      18 |      25 |  58.1
        D:5 |     717 |       0 |   0.0 |      22 |       0 |   0.0
        D:6 |     815 |       0 |   0.0 |      17 |       0 |   0.0
        D:7 |     715 |     450 |  38.6 |      16 |       1 |   5.9
        D:8 |    1589 |     434 |  21.5 |      34 |       1 |   2.9
        D:9 |    1504 |       0 |   0.0 |      27 |       0 |   0.0
       D:10 |    1824 |    1029 |  36.1 |      32 |       4 |  11.1
       D:11 |    3518 |    6018 |  63.1 |      32 |      18 |  36.0
     Lair:1 |    3278 |     383 |  10.5 |      16 |       1 |   5.9
     Lair:2 |    6621 |       0 |   0.0 |      20 |       0 |   0.0
     Lair:3 |    2680 |     369 |  12.1 |      16 |       2 |  11.1
     Lair:4 |    2566 |     115 |   4.3 |      11 |       1 |   8.3
     Lair:5 |    6995 |       0 |   0.0 |      30 |       0 |   0.0
     Lair:6 |    9155 |    6723 |  42.3 |      31 |      17 |  35.4
    Ossuary |       0 |     152 | 100.0 |       0 |      16 | 100.0
            +---------+---------+-------+---------+---------+-------
